AoeStats
← Papi Phay

Arena

504559837Analyzed
4v4 RM · 26d ago on Sep 5, 2026· 42m 38s· 8 players
Game mode
Random Map
Map size
Large (8 player)
Population
200
Speed
Normal
Resources
Standard
Victory
Conquest
Starting age
Dark Age
Ending age
Imperial Age
RankedLock teamsTeams togetherTeam positionsShared explorationLock speedFull tech treeHidden civsTurbo modeCheats
Victory
Defeat
🇹🇷 Turks · Türkiye
834
+10
🇹🇼 Italians · Taiwan
765
+13
🇹🇷 Huns · Türkiye
751
+33
🇹🇷 Persians · Türkiye
672
+17
🇭🇷 Berbers · Croatia
719
-14
706
-31
🇭🇷 Romans · Croatia
680
-13
🇺🇸 Poles · United States
668
-12
' | Marea 2.4 Turbo 20v
12:26 Feudal Age
13:23 Double-Bit Axe
14:17 Wheelbarrow
16:30 Horse Collar
23:17 Castle Age
24:40 Husbandry
25:25 Squires
25:47 Man-at-Arms
26:38 Gold Mining
26:39 Stone Mining
27:08 Hand Cart
27:23 Long Swordsman
29:24 Forging
32:25 Bow Saw
36:14 Murder Holes
40:53 Imperial Age
40:03 Pikeman
thefriend
12:06 Feudal Age
21:01 Castle Age
26:18 Double-Bit Axe
28:58 Gold Mining
Papi Phay
13:59 Feudal Age
15:14 Double-Bit Axe
15:17 Horse Collar
18:28 Wheelbarrow
20:55 Castle Age
20:43 Scale Barding Armor
20:48 Forging
20:29 Fletching
20:33 Stone Mining
21:40 Gold Mining
23:28 Stone Shaft Mining
23:59 Bow Saw
23:52 Heavy Plow
25:04 Hand Cart
25:51 Gold Shaft Mining
27:03 Husbandry
27:14 Bloodlines
28:16 Chain Barding Armor
30:11 Thumb Ring
29:34 Pikeman
30:55 Caravan
33:34 Imperial Age
33:24 Town Watch
35:34 Chemistry
34:40 Siege Engineers
34:57 Ballistics
34:19 Treadmill Crane
34:49 Masonry
35:33 Conscription
36:54 Crop Rotation
36:31 Bodkin Arrow
37:12 Plate Barding Armor
39:32 Iron Casting
44:01 Blast Furnace
vukiGOD
17:59 Feudal Age
22:01 Double-Bit Axe
22:00 Horse Collar
23:47 Gold Mining
23:49 Stone Mining
27:43 Castle Age
26:31 Bloodlines
28:34 Pikeman
29:08 Elite Skirmisher
33:12 Wheelbarrow
32:52 Forging
32:42 Scale Mail Armor
32:47 Scale Barding Armor
32:43 Padded Archer Armor
32:33 Fletching
32:33 Light Cavalry
38:16 Imperial Age
39:17 Chain Mail Armor
38:57 Bodkin Arrow
不動游星
10:02 Feudal Age
14:24 Castle Age
12:24 Double-Bit Axe
12:58 Horse Collar
17:01 Bow Saw
24:05 Heavy Plow
28:06 Imperial Age
27:19 Wheelbarrow
26:59 Pikeman
27:40 Squires
27:06 Elite Skirmisher
30:45 Crop Rotation
31:23 Two-Man Saw
30:45 Fletching
32:53 Conscription
34:09 Thumb Ring
34:39 Elite Genoese Crossbowman
35:48 Bodkin Arrow
35:53 Padded Archer Armor
36:35 Arson
36:51 Squires
38:20 Silk Road
38:36 Hoardings
38:09 Bracer
38:40 Leather Archer Armor
43:37 Ring Archer Armor
43:25 Hand Cart
emre_gud
0:50 Loom
14:43 Feudal Age
18:10 Wheelbarrow
18:15 Double-Bit Axe
18:13 Horse Collar
20:48 Castle Age
24:14 Bow Saw
24:18 Heavy Plow
26:37 Hand Cart
27:07 Gold Mining
28:59 Gold Shaft Mining
28:35 Kamandaran
29:22 Crossbowman
30:07 Thumb Ring
33:29 Imperial Age
31:56 Ballistics
32:20 Thumb Ring
34:45 Chemistry
34:21 Crop Rotation
34:55 Two-Man Saw
34:50 Husbandry
34:11 Cavalier
35:35 Conscription
35:26 Citadels
35:44 Scale Barding Armor
35:59 Savar
37:37 Chain Barding Armor
39:26 Plate Barding Armor
38:51 Padded Archer Armor
38:42 Fletching
humanizli
11:54 Feudal Age
17:26 Castle Age
15:59 Horse Collar
16:20 Double-Bit Axe
28:47 Imperial Age
26:57 Town Watch
26:58 Loom
27:48 Fletching
35:21 Town Patrol
35:57 Wheelbarrow
40:05 Bloodlines
39:57 Husbandry
MCK
15:04 Feudal Age
17:27 Double-Bit Axe
18:44 Stone Mining
18:45 Gold Mining
19:25 Scale Mail Armor
21:32 Wheelbarrow
26:24 Forging
31:03 Scale Barding Armor
30:58 Padded Archer Armor
41:26 Castle Age
Connection lost

Rejoining the realm…

Still unreachable

The connection could not be restored.

Session expired

The server has moved on; the page needs a fresh start.